 Dungeon Crawl Stone Soup version 0.31.0-11-ge490571c62 (webtiles) character file.

Game seed: 18375866649443836011

21 qw the Shooter (level 2, 0/16 HPs)
             Began as a Deep Elf Hunter on Feb 4, 2024.
             Succumbed to an adder's poison
             ... on level 2 of the Dungeon.
             The game lasted 00:00:02 (487 turns).

qw the Shooter (Deep Elf Hunter)                     Turns: 487, Time: 00:00:02

Health: 0/16       AC:  3    Str:  8    XL:     2   Next: 65%
Magic:  4/4        EV: 12    Int: 13    God:
Gold:   78         SH:  0    Dex: 18    Spells: 1/1 levels left

rFire   . . .        a - +1 shortbow
rCold   . . .        (shield currently unavailable)
rNeg    . . .        c - +0 leather armour
rPois   .            (no helmet)
rElec   .            (no cloak)
rCorr   .            (no gloves)
SInv    .            (no boots)
Will    .....        g - amulet of the acrobat
Stlth   ++           (no ring)
HPRegen 0.22/turn    (no ring)
MPRegen 0.09/turn

%: acrobat
@: lethally poisoned (0 -> -1)
A: no striking features
a: no special abilities


You were on level 2 of the Dungeon.
You visited 1 branch of the dungeon, and saw 2 of its levels.

You collected 78 gold pieces.


   Skills:
 - Level 1.5 Fighting
 + Level 6.4 Ranged Weapons
 - Level 2.4 Dodging
 - Level 1.2 Stealth


You had one spell level left.
You didn't know any spells.
Your spell library was empty.

Inventory:

Hand Weapons
 a - a +1 shortbow (weapon)
Armour
 c - a +0 leather armour (worn)
Jewellery
 g - an amulet of the acrobat (around neck)
Potions
 b - a potion of degeneration {unknown}
 d - a potion of lignification {unknown}
 f - a potion of curing {unknown}
 h - a potion of magic {unknown}

Dungeon Overview and Level Annotations

Branches:
Dungeon (2/15)

Altars:

Shops:
D:1 [


Message History

You kill the ribbon worm!
You now have 78 gold pieces (gained 12).
b - an amethyst potion An adder comes into view.
The adder hisses angrily.
You shoot an arrow. The arrow hits the adder.
The adder is lightly wounded.
You shoot an arrow. The arrow barely misses the adder.
The adder bites you.
You shoot an arrow.
The arrow hits the adder but does no damage.
The adder is lightly wounded.
The adder bites you.
You are poisoned.
The adder poisons you! The adder bites you.
You shoot an arrow.
The arrow hits the adder but does no damage.
The adder is lightly wounded.
You feel sick. The adder completely misses you.
You shoot an arrow. The arrow barely misses the adder.
You feel sick. The adder barely misses you. The adder bites you.
You shoot an arrow. The arrow closely misses the adder.
You feel sick. The adder bites you.
You shoot an arrow. The arrow barely misses the adder.
You feel sick.
You are no longer poisoned.
The adder bites you but does no damage. The adder bites you.
You are lethally poisoned!
The adder poisons you!
You shoot an arrow. The arrow misses the adder.
You feel sick. The adder bites you but does no damage.
You shoot an arrow.
The arrow hits the adder but does no damage.
You feel sick. The adder closely misses you.
The adder bites you but does no damage.
You shoot an arrow. The arrow closely misses the adder.
You feel sick. The adder misses you.
You shoot an arrow. The arrow hits the adder.
The adder is lightly wounded.
You die...

# .. .# .#
####..# #@S...#
#######.###....
#.......# #
#......##
#......#
#......#
#......#
#......#
#...%..#


You could see an adder.

Vanquished Creatures
  A ribbon worm (D:2)
  2 ball pythons (D:1)
  A bat (D:1)
  An endoplasm (D:1)
  2 giant cockroaches (D:1)
  2 goblins (D:1)
  2 hobgoblins (D:1)
  3 kobolds (D:1)
  2 rats (D:1)
16 creatures vanquished.

Notes
Turn   | Place    | Note
-------+----------+-------------------------------------------
     0 | D:1      | qw the Deep Elf Hunter began the quest for the Orb.
     0 | D:1      | Reached XP level 1. HP: 12/12 MP: 3/3
     0 | D:1      | 0 ||| qw: Version: 0.3-a-160-g6735b56
     0 | D:1      | 0 ||| qw: Game counter: 4349
     0 | D:1      | 0 ||| qw: Melee chars always use a shield: true
     0 | D:1      | 0 ||| qw: God list: Okawaru
     0 | D:1      | 0 ||| qw: Allow faded altars: false
     0 | D:1      | 0 ||| qw: Do Orc after clearing Dungeon:15 true
     0 | D:1      | 0 ||| qw: Do second Lair branch before Depths: true
     0 | D:1      | 0 ||| qw: Lair rune preference: random
     0 | D:1      | 0 ||| qw: Goals: Normal
     0 | D:1      | 0 ||| PLANNING D:1-11
    48 | D:1      | Found Boitahor's Antique Armour Boutique.
    70 | D:1      | 70 ||| SHOPLISTING helmet (99 gold, have 31).
    70 | D:1      | 70 ||| SHOPLISTING pair of gloves (99 gold, have 31).
    70 | D:1      | 70 ||| SHOPLISTING ring mail (88 gold, have 31).
    70 | D:1      | 70 ||| SHOPLISTING runed scale mail (154 gold, have 31).
    70 | D:1      | 70 ||| SHOPLISTING scale mail (88 gold, have 31).
    83 | D:1      | Reached XP level 2. HP: 16/16 MP: 4/4
    86 | D:1      | Reached skill level 6 in Ranged Weapons
   116 | D:1      | Found a faded altar of an unknown god.
   422 | D:1      | 422 ||| UPGRADING to amulet of the acrobat.
   427 | D:1      | 427 ||| READING scroll labelled JIADDYI DAHA.
   428 | D:1      | 428 ||| READING scroll labelled JYDACU WONIR.
   428 | D:1      | 428 ||| ENCHANTING +0 shortbow.
   429 | D:1      | 429 ||| DROPPING scroll of butterflies.
   483 | D:2      | HP: 4/16 [adder (1)]
   485 | D:2      | HP: 1/16 [poisoned by an adder]
   487 | D:2      | Succumbed to an adder's poison

Levels and vault maps discovered:
D:1:      grunt_arrival_crossed_arrows, layout_rooms,
          shapermc_ecumenical_altar_rom_forum, serial_shops,
          nicolae_shop_advertising_works [nicolae_subvault_shop_adworks]
D:2:      layout_rooms, minmay_box_of_dots

Skill      XL: |  1  2 |
---------------+-------+-----
Ranged Weapons | 6 |  6.4
Fighting       | |  1.5
Dodging        | |  2.4
Stealth        | |  1.2

Action                     || total
---------------------------++-------
   Fire: Shortbow          ||    53
    Use: Scroll            ||     2
 Armour: Leather armour    ||    10
  Dodge: Dodged            ||    10

Table legend:
 A = Non-vault XP
 B = Vault XP
 C = Vault XP percentage of total XP
 D = Non-vault monster count
 E = Vault monster count
 F = Vault count percentage of total count
                 A         B        C        D         E       F
            +---------+---------+-------+---------+---------+-------
      Total |      31 |       0 |   0.0 |      16 |       0 |   0.0
            +---------+---------+-------+---------+---------+-------
        D:1 |      26 |       0 |   0.0 |      15 |       0 |   0.0
        D:2 |       5 |       0 |   0.0 |       1 |       0 |   0.0
            +---------+---------+-------+---------+---------+-------
